 Dungeon Crawl Stone Soup version 0.19.0-18-g426998a (webtiles) character file.

679 evildog the Cleaver (level 7, -1/59 HPs)
             Began as a Hill Orc Fighter on Nov 9, 2016.
             Slain by an ogre
             ... wielding a +0 giant club
              (7 damage)
             ... on level 5 of the Dungeon on Nov 11, 2016.
             The game lasted 00:14:14 (3719 turns).

evildog the Cleaver (Hill Orc Fighter)              Turns: 3719, Time: 00:14:15

Health: -1/59      AC: 13    Str: 21    XL:     7   Next: 60%
Magic:  7/7        EV:  8    Int:  8    God:
Gold:   183        SH:  9    Dex: 10    Spells: 0 memorised, 6 levels left

rFire  . . .     SeeInvis .     a - +0 war axe
rCold  . . .     Gourm    .     x - +0 plate armour
rNeg   . . .     Faith    .     c - +0 shield
rPois  .         Spirit   .     r - +1 hat
rElec  .         Reflect  .     (no cloak)
rCorr  .         Harm     .     (no gloves)
MR     .....                    b - +0 pair of boots
Stlth  ..........               (no amulet)
                                (no ring)
                                h - +5 ring of evasion

@: no status effects
A: no striking features
a: no special abilities


You were on level 5 of the Dungeon.
You were not hungry.

You visited 1 branch of the dungeon, and saw 5 of its levels.

You collected 183 gold pieces.

Inventory:

Hand Weapons
 a - a +0 war axe (weapon)
Armour
 b - a +0 pair of boots (worn)
 c - a +0 shield (worn)
 r - a +1 hat (worn)
 x - a +0 plate armour (worn)
Jewellery
 h - a +5 ring of evasion (left hand)
Wands
 u - a wand of random effects (10/48)
Scrolls
 i - a scroll of teleportation {unknown}
 k - 5 scrolls of identify {unknown}
 m - a scroll of blinking {unknown}
 n - a scroll of enchant armour {unknown}
 o - 2 scrolls of amnesia {unknown}
 p - a scroll of enchant weapon {unknown}
 v - a scroll of remove curse
 w - a scroll of random uselessness {unknown}
Potions
 d - a potion of might
 e - a potion of heal wounds {unknown}
 g - 2 potions of lignification {unknown}
 j - a potion of brilliance {unknown}
 q - 2 potions of curing {unknown}
 s - a potion of experience {unknown}
 t - a potion of flight {unknown}
 A - a potion of degeneration {unknown}
Comestibles
 f - 4 bread rations
 l - 6 fruits
 z - 3 chunks of flesh


   Skills:
 + Level 4.1 Fighting
 + Level 10.2 Axes
 + Level 3.8 Armour
 + Level 3.5 Shields


You had 6 spell levels left.
You didn't know any spells.

Dungeon Overview and Level Annotations

Branches:
Dungeon (5/15)
 Temple: D:4-7

Altars:
Dithmenos
Kikubaaqudgha
Makhleb


Message History

Unknown command.
You closely miss the shadow imp.
The shadow imp is almost dead.
You slash the ogre! The ogre hits you with a giant club.
* * * LOW HITPOINT WARNING * * *
The shadow imp gestures at you. Pain shoots through your body!
* * * LOW HITPOINT WARNING * * *
The shadow imp gestures at you. Pain shoots through your body!
* * * LOW HITPOINT WARNING * * *
The shadow imp grins evilly.
The shadow imp hits you but does no damage.
You hit the ogre.
The ogre is almost dead.
The ogre barely misses you.
You barely miss the ogre.
The ogre is almost dead.
The ogre hits you with a giant club!
You die...

#.#.####.####.[..# #.#.#
#....##.....
#.#.###....##.....
#..........##.....
#..........##..... #
#........####..... #.
#........# ##....
#.#####....(..#### #....
#.....#@#........# ##..#
#...†.#O##.......# #..#
#.##...5.#.......####..#
#................+......
#.##.....#.......#######
# #...###.........)....
#...>....############
...>............
#......#........


You could see an ogre and a shadow imp.

Vanquished Creatures
  The ghost of removeelyvilon the Ruffian, an amateur DrSk (D:3)
  2 ogres (D:4)
  A centaur (D:3)
  A hound (D:5)
  2 worker ants
  11 adders
  An ooze (D:1)
  3 worms
  5 dart slugs
  A leopard gecko (D:2)
  7 orcs
  12 bats
  3 bat zombies (D:3)
  3 giant cockroaches
  3 goblins
  5 hobgoblins
  5 jackals
  9 kobolds
  3 quokkas
  A ball python (D:2)
  2 frilled lizards
  6 rats
  2 rat zombies (D:3)
89 creatures vanquished.

Notes
Turn   | Place    | Note
-------+----------+-------------------------------------------
     0 | D:1      | evildog the Hill Orc Fighter began the quest for the Orb.
     0 | D:1      | Reached XP level 1. HP: 19/19 MP: 1/1
    25 | D:1      | Reached XP level 2. HP: 27/27 MP: 2/2
   183 | D:1      | Reached skill level 3 in Axes
   717 | D:1      | Reached XP level 3. HP: 33/33 MP: 3/3
   781 | D:1      | Reached skill level 4 in Axes
   896 | D:2      | Found a shadowy altar of Dithmenos.
  1307 | D:2      | Reached XP level 4. HP: 37/40 MP: 4/4
  1456 | D:2      | Reached skill level 5 in Axes
  1922 | D:3      | Found a burning altar of Makhleb.
  1942 | D:3      | Reached skill level 6 in Axes
  1947 | D:3      | Upgraded the game from 0.19.0-11-g3fc08b3 to 0.19.0-16-g73b5abf
  1951 | D:3      | Upgraded the game from 0.19.0-16-g73b5abf to 0.19.0-18-g426998a
  1957 | D:3      | Reached XP level 5. HP: 36/46 MP: 5/5
  2042 | D:3      | Noticed removeelyvilon's ghost (amateur DrSk)
  2068 | D:3      | Killed removeelyvilon's ghost
  2068 | D:3      | Reached skill level 7 in Axes
  2068 | D:3      | Reached XP level 6. HP: 39/52 MP: 6/6
  2142 | D:3      | Reached skill level 8 in Axes
  2165 | D:3      | Found an ancient bone altar of Kikubaaqudgha.
  2757 | D:4      | Reached skill level 9 in Axes
  2757 | D:4      | Reached XP level 7. HP: 58/58 MP: 7/7
  3461 | D:4      | Reached skill level 10 in Axes
  3612 | D:5      | Entered Level 5 of the Dungeon
  3719 | D:5      | Slain by an ogre

Skill      XL: |  1  2  3  4  5  6  7 |
---------------+----------------------+-----
Axes           | 3 4 6 7 9 10 | 10.2
Fighting       | 4 |  4.1
Armour         | |  3.8
Shields        | |  3.5

Action                   |  1- 3 |  4- 6 |  7- 9 || total
-------------------------+-------+-------+-------++-------
Melee: War axe           |   132 |   171 |    48 ||   351
Evoke: Wand              |       |     1 |       ||     1
  Use: Scroll            |       |     2 |       ||     2
       Potion            |       |     1 |       ||     1
  Eat: Chunk             |     2 |     4 |     2 ||     8
       Fruit             |       |       |     2 ||     2
Armor: Scale mail        |     1 |       |       ||     1
       Chain mail        |   112 |    96 |     3 ||   211
       Plate armour      |       |       |    16 ||    16
Dodge: Dodged            |    42 |    44 |    12 ||    98
Block: Shield            |    67 |   115 |    24 ||   206
